[Event "WYCC U18 Open 2019"]
[Site "Mumbai"]
[Date "2019.10.09"]
[Round "8.6"]
[White "Chylewski, Patryk"]
[Black "Zarubitski, Viachaslau"]
[Result "0-1"]
[ECO "A50"]
[WhiteElo "2348"]
[BlackElo "2435"]
[Annotator "ChessBase"]
[PlyCount "106"]
[EventDate "2019.10.02"]
[EventType "swiss"]
[EventCountry "IND"]
[SourceTitle "playchess.com"]
[Source "ChessBase"]
[SourceQuality "1"]
[TimeControl "40/5400+30:1800+30"]

1. d4 Nf6 2. c4 c6 3. Nc3 d5 4. cxd5 cxd5 5. Bf4 Nc6 6. e3 Bf5 7. Nf3 a6 8. h3 Qb6 9. Qb3 Qxb3 10. axb3 e6 11. Be2 Bb4 12. Nd2 Ke7 13. f3 Bg6 14. Kf2 Rac8 15. Rhc1 Nd7 16. Nf1 f6 17. Bg3 Na5 18. Bd1 Nc6 19. Be2 Rhd8 20. Bh4 Nb6 21. Na2 Bd6 22. Bg3 e5 23. dxe5 Bxe5 24. Bxe5 fxe5 25. b4 Na7 26. f4 Na4 27. b3 Nb2 28. g4 Nd3+ 29. Bxd3 Bxd3 30. Rxc8 Rxc8 31. Rc1 Rc2+ 32. Rxc2 Bxc2 33. Nd2 exf4 34. exf4 d4 35. Nf3 Nc6 36. Nc1 Kd6 37. Ke2 Kd5 38. b5 axb5 39. Kd2 Ke4 40. Ne1 Bb1 41. f5 Ke5 42. Ned3+ Kf6 43. Ne2 Kg5 44. Ndf4 Kh4 45. Ne6 Kxh3 46. Nxg7 Kxg4 47. f6 Bg6 48. Ne6 b4 49. N6xd4 Nxd4 50. Nxd4 Kg5 51. Nb5 Kxf6 52. Nd6 Bf7 53. Kc2 Bd5 0-1

[Event "WYCC U18 Open 2019"]
[Site "Mumbai"]
[Date "2019.10.09"]
[Round "8.7"]
[White "Wang, Shixu B"]
[Black "Pultinevicius, Paulius"]
[Result "0-1"]
[ECO "D85"]
[WhiteElo "2370"]
[BlackElo "2503"]
[Annotator "ChessBase"]
[PlyCount "66"]
[EventDate "2019.10.02"]
[EventType "swiss"]
[EventCountry "IND"]
[SourceTitle "playchess.com"]
[Source "ChessBase"]
[SourceQuality "1"]
[TimeControl "40/5400+30:1800+30"]

1. d4 Nf6 2. c4 g6 3. Nc3 d5 4. cxd5 Nxd5 5. e4 Nxc3 6. bxc3 Bg7 7. Nf3 c5 8. Rb1 cxd4 9. cxd4 O-O 10. Be2 Qa5+ 11. Bd2 Qxa2 12. O-O Bg4 13. Bg5 h6 14. Bh4 g5 15. Bg3 a5 16. Rxb7 Nc6 17. d5 Bxf3 18. Bxf3 Nd4 19. h4 a4 20. hxg5 hxg5 21. Qc1 a3 22. Qxg5 Nxf3+ 23. gxf3 Ra6 24. d6 exd6 25. Qb5 Raa8 26. Bxd6 Rfe8 27. Ra7 Qe6 28. Rxa8 Rxa8 29. Qb7 Ra5 30. Qb8+ Kh7 31. e5 Qg6+ 32. Kh1 Ra4 33. Qd8 a2 0-1

[Event "WYCC U18 Open 2019"]
[Site "Mumbai"]
[Date "2019.10.09"]
[Round "8.8"]
[White "Blohberger, Felix"]
[Black "Aditya Mittal"]
[Result "1/2-1/2"]
[ECO "B33"]
[WhiteElo "2448"]
[BlackElo "2430"]
[Annotator "ChessBase"]
[PlyCount "240"]
[EventDate "2019.10.02"]
[EventType "swiss"]
[EventCountry "IND"]
[SourceTitle "playchess.com"]
[Source "ChessBase"]
[SourceQuality "1"]
[TimeControl "40/5400+30:1800+30"]

1. e4 c5 2. Nf3 Nc6 3. d4 cxd4 4. Nxd4 Nf6 5. Nc3 e5 6. Ndb5 d6 7. Bg5 a6 8. Na3 b5 9. Nd5 Be7 10. Bxf6 Bxf6 11. c3 Ne7 12. Nc2 Nxd5 13. Qxd5 Rb8 14. Qd3 a5 15. Ne3 Bg5 16. Nd5 O-O 17. Be2 f5 18. Bf3 f4 19. O-O g6 20. b4 a4 21. c4 bxc4 22. Qxc4 Be6 23. a3 Qc8 24. Rac1 Qxc4 25. Rxc4 Rfc8 26. Rfc1 Rxc4 27. Rxc4 Bd8 28. Rc6 Kf7 29. Kf1 Bxd5 30. exd5 Ke7 31. Be4 Bb6 32. Ke2 Bd4 33. Rc2 Rb7 34. Kd1 Kd8 35. f3 g5 36. Rc6 Ke7 37. Kc1 h5 38. Bg6 Rb8 39. h3 Rh8 40. Rc7+ Kf6 41. Bc2 g4 42. Rd7 gxh3 43. Rxd6+ Kg5 44. gxh3 Kh4 45. Rg6 Rc8 46. d6 e4 47. d7 Rd8 48. Bxa4 exf3 49. Kd1 Bb2 50. Bc6 Bxa3 51. b5 Bc5 52. Ke1 Kxh3 53. Kf1 f2 54. b6 Bxb6 55. Bg2+ Kh4 56. Rxb6 Rxd7 57. Bf3 Kg3 58. Bxh5 f3 59. Rg6+ Kf4 60. Rg8 Rd1+ 61. Kxf2 Rd2+ 62. Ke1 Re2+ 63. Kf1 Rh2 64. Rf8+ Ke3 65. Re8+ Kf4 66. Bf7 Rh1+ 67. Kf2 Rh2+ 68. Kg1 Rg2+ 69. Kf1 Kg3 70. Rg8+ Kf4 71. Rf8 Ke3 72. Re8+ Kf4 73. Bd5 Rd2 74. Rf8+ Kg3 75. Rg8+ Kf4 76. Rf8+ Kg3 77. Rxf3+ Kg4 78. Bb7 Rb2 79. Rf7 Kg5 80. Bf3 Kg6 81. Ra7 Kf6 82. Be2 Ke5 83. Kf2 Rb3 84. Bf3 Rb2+ 85. Kg3 Rb4 86. Ra5+ Kd6 87. Ba8 Ke6 88. Kf3 Rb1 89. Kf4 Rf1+ 90. Bf3 Kd6 91. Rd5+ Ke6 92. Rc5 Kd6 93. Rc6+ Kd7 94. Rh6 Ke7 95. Ke4 Re1+ 96. Kd5 Rf1 97. Be4 Rd1+ 98. Ke5 Re1 99. Rh7+ Ke8 100. Kd5 Kf8 101. Bf5 Re7 102. Rh1 Kg7 103. Be6 Ra7 104. Ke5 Ra5+ 105. Bd5 Kg6 106. Rg1+ Kh5 107. Rg8 Rb5 108. Ke6 Kh4 109. Be4 Rg5 110. Ra8 Kg3 111. Rf8 Ra5 112. Bd5 Kg4 113. Ke5 Kg5 114. Rg8+ Kh5 115. Rg1 Rb5 116. Ke4 Kh6 117. Be6 Rg5 118. Ra1 Kg7 119. Ra7+ Kf6 120. Bh3 Re5+ 1/2-1/2

[Event "WYCC U18 Open 2019"]
[Site "Mumbai"]
[Date "2019.10.09"]
[Round "8.9"]
[White "Buckels, Valentin"]
[Black "Bykov, Oleg"]
[Result "1/2-1/2"]
[ECO "D02"]
[WhiteElo "2442"]
[BlackElo "2370"]
[Annotator "ChessBase"]
[PlyCount "68"]
[EventDate "2019.10.02"]
[EventType "swiss"]
[EventCountry "IND"]
[SourceTitle "playchess.com"]
[Source "ChessBase"]
[SourceQuality "1"]
[TimeControl "40/5400+30:1800+30"]

1. d4 Nf6 2. Nf3 d5 3. Bf4 e6 4. e3 Bd6 5. Bg3 O-O 6. Nbd2 c5 7. c3 b6 8. Bd3 Ba6 9. Bxa6 Nxa6 10. Qe2 c4 11. e4 Bxg3 12. hxg3 b5 13. Ne5 h6 14. g4 Nxe4 15. Nxe4 dxe4 16. a4 b4 17. Qxc4 bxc3 18. bxc3 Nc7 19. g5 hxg5 20. Qe2 g6 21. Qxe4 Kg7 22. Ng4 Nd5 23. Rb1 Rb8 24. O-O Rxb1 25. Rxb1 Nxc3 26. Qe5+ f6 27. Rb7+ Rf7 28. Rxf7+ Kxf7 29. Qc5 Qxd4 30. Qc7+ Ke8 31. Qc8+ Ke7 32. Qc7+ Ke8 33. Qc8+ Ke7 34. Qc7+ Ke8 1/2-1/2

[Event "WYCC U18 Open 2019"]
[Site "Mumbai"]
[Date "2019.10.09"]
[Round "8.11"]
[White "Vanczak, Tamas"]
[Black "Gumularz, Szymon"]
[Result "1/2-1/2"]
[ECO "A45"]
[WhiteElo "2327"]
[BlackElo "2505"]
[Annotator "ChessBase"]
[PlyCount "52"]
[EventDate "2019.10.02"]
[EventType "swiss"]
[EventCountry "IND"]
[SourceTitle "playchess.com"]
[Source "ChessBase"]
[SourceQuality "1"]
[TimeControl "40/5400+30:1800+30"]

1. d4 Nf6 2. Bg5 d5 3. Nd2 c5 4. dxc5 Qa5 5. Ngf3 Ne4 6. Bh4 Nc6 7. c3 Qxc5 8. e3 Nxd2 9. Qxd2 e6 10. Bd3 Be7 11. Bg3 O-O 12. O-O Qb6 13. Qe2 Bd7 14. Rad1 Rfd8 15. e4 Be8 16. e5 Rac8 17. Bh4 Bxh4 18. Nxh4 Ne7 19. Nf3 a6 20. Rfe1 Bb5 21. Bxb5 axb5 22. a3 Rc4 23. Qe3 Qxe3 24. Rxe3 Nf5 25. Re2 h5 26. Kf1 Kh7 1/2-1/2

[Event "WYCC U18 Open 2019"]
[Site "Mumbai"]
[Date "2019.10.09"]
[Round "8.12"]
[White "Beukema, Jasper"]
[Black "Arjun Kalyan"]
[Result "0-1"]
[ECO "D10"]
[WhiteElo "2265"]
[BlackElo "2483"]
[Annotator "ChessBase"]
[PlyCount "72"]
[EventDate "2019.10.02"]
[EventType "swiss"]
[EventCountry "IND"]
[SourceTitle "playchess.com"]
[Source "ChessBase"]
[SourceQuality "1"]
[TimeControl "40/5400+30:1800+30"]

1. d4 d5 2. c4 c6 3. Nc3 Nf6 4. Bg5 dxc4 5. Nf3 b5 6. a3 e6 7. e4 Be7 8. e5 Nd5 9. Bxe7 Qxe7 10. Ne4 O-O 11. h4 Nd7 12. h5 c5 13. h6 g6 14. Nd6 a6 15. a4 cxd4 16. Qxd4 f6 17. Ne4 fxe5 18. Nxe5 Qb4+ 19. Kd1 Qb3+ 20. Ke1 Qb4+ 21. Kd1 Nxe5 22. Qxe5 Ra7 23. Rh3 Nf4 24. Rf3 Rd7+ 25. Kc2 Bb7 26. Nc5 Qd2+ 27. Kb1 Bxf3 28. Nxd7 Qd1+ 29. Ka2 Qxa4+ 30. Kb1 Qd1+ 31. Ka2 Qb3+ 32. Kb1 Qd1+ 33. Ka2 Qxd7 34. gxf3 Nd3 35. Bxd3 cxd3 36. Rd1 Rxf3 0-1

[Event "WYCC U18 Open 2019"]
[Site "Mumbai"]
[Date "2019.10.09"]
[Round "8.13"]
[White "Raghunandan, Kaumandur Srihari"]
[Black "Vatsal Singhania"]
[Result "1-0"]
[ECO "E20"]
[WhiteElo "2449"]
[BlackElo "2157"]
[Annotator "ChessBase"]
[PlyCount "42"]
[EventDate "2019.10.02"]
[EventType "swiss"]
[EventCountry "IND"]
[SourceTitle "playchess.com"]
[Source "ChessBase"]
[SourceQuality "1"]
[TimeControl "40/5400+30:1800+30"]

1. d4 Nf6 2. c4 e6 3. Nc3 Bb4 4. g3 O-O 5. Bg2 d5 6. Nf3 dxc4 7. O-O c5 8. dxc5 Nc6 9. Qa4 Qe7 10. Ne5 Bxc5 11. Nxc6 bxc6 12. Qxc4 Bb7 13. Bg5 Rfd8 14. Rad1 Bb6 15. Ne4 Rxd1 16. Rxd1 Rd8 17. Rd3 Rxd3 18. exd3 Qd8 19. Nc5 Bxc5 20. Qxc5 Qb6 21. Qe7 Qc7 1-0

[Event "WYCC U18 Open 2019"]
[Site "Mumbai"]
[Date "2019.10.09"]
[Round "8.14"]
[White "Manu David Suthandram R"]
[Black "Garidmagnai, Byambasuren"]
[Result "0-1"]
[ECO "C11"]
[WhiteElo "2403"]
[BlackElo "2327"]
[Annotator "ChessBase"]
[PlyCount "114"]
[EventDate "2019.10.02"]
[EventType "swiss"]
[EventCountry "IND"]
[SourceTitle "playchess.com"]
[Source "ChessBase"]
[SourceQuality "1"]
[TimeControl "40/5400+30:1800+30"]

1. e4 e6 2. Nf3 d5 3. Nc3 Nf6 4. e5 Nfd7 5. d4 c5 6. dxc5 Nc6 7. Bf4 Nxc5 8. Bb5 a6 9. Bxc6+ bxc6 10. O-O Be7 11. Nd4 Bb7 12. Qh5 g6 13. Qh6 Bf8 14. Qh3 Nd7 15. Rfe1 c5 16. Nf3 h6 17. Rad1 Be7 18. Qg3 g5 19. Bc1 Qc7 20. Qh3 O-O-O 21. Qh5 Rdf8 22. h3 Bc6 23. Nh2 Nxe5 24. Qe2 Ng6 25. Qxa6+ Qb7 26. Qxb7+ Kxb7 27. Ng4 Ra8 28. a3 Bf8 29. Ne2 Bg7 30. f4 gxf4 31. Nxf4 Nh4 32. Ne5 Bxe5 33. Rxe5 Ra4 34. b3 Rg8 35. Re2 Re4 36. Rf2 d4 37. Kh2 Kb6 38. Rg1 e5 39. Nh5 f5 40. Ng3 Re3 41. Bxe3 dxe3 42. Rxf5 Rxg3 43. Rxe5 Rxg2+ 44. Rxg2 Nxg2 45. Kg3 Kc7 46. Rxc5 e2 47. Re5 e1=Q+ 48. Rxe1 Nxe1 49. c3 Nc2 50. a4 Na1 51. Kg4 Be8 52. b4 Nc2 53. b5 Ne3+ 54. Kf3 Nd5 55. c4 Nb6 56. c5 Nxa4 57. c6 Nc3 0-1

[Event "WYCC U18 Open 2019"]
[Site "Mumbai"]
[Date "2019.10.09"]
[Round "8.15"]
[White "Mendonca, Leon Luke"]
[Black "Sibi Visal R"]
[Result "0-1"]
[ECO "E29"]
[WhiteElo "2388"]
[BlackElo "2064"]
[Annotator "ChessBase"]
[PlyCount "124"]
[EventDate "2019.10.02"]
[EventType "swiss"]
[EventCountry "IND"]
[SourceTitle "playchess.com"]
[Source "ChessBase"]
[SourceQuality "1"]
[TimeControl "40/5400+30:1800+30"]

1. d4 Nf6 2. c4 e6 3. Nc3 Bb4 4. e3 O-O 5. Bd3 c5 6. a3 Bxc3+ 7. bxc3 Nc6 8. Ne2 d6 9. e4 e5 10. O-O Re8 11. d5 Ne7 12. f4 exf4 13. Bxf4 Ng4 14. e5 dxe5 15. Bg5 h6 16. Bc1 f5 17. Ng3 f4 18. Ne4 Bf5 19. g3 Bxe4 20. Bxe4 Nf6 21. Bg2 fxg3 22. Bxh6 gxh2+ 23. Kh1 Qd6 24. Bg5 Nh7 25. Be3 Rf8 26. Qh5 Rxf1+ 27. Rxf1 Rf8 28. Rxf8+ Nxf8 29. Bg5 Nf5 30. Qg4 Nh6 31. Qc8 b6 32. Qe8 Qd7 33. Qxe5 Nf7 34. Qg3 Nxg5 35. Qxg5 Qd6 36. Bh3 g6 37. Qe3 Kg7 38. Bg4 Nh7 39. Be6 Nf6 40. Kg2 Nh5 41. Qe1 Qg3+ 42. Qxg3 Nxg3 43. Kxh2 Ne4 44. Kg2 Nd6 45. Kf3 Kf6 46. Ke3 Nxc4+ 47. Kd3 b5 48. a4 Nb2+ 49. Kc2 Nxa4 50. Bd7 Nb6 51. Bxb5 Nxd5 52. Kd3 Ke5 53. Kc4 Kd6 54. Ba6 g5 55. Bb7 Nf6 56. Kb5 g4 57. c4 Nd7 58. Ka6 Ne5 59. Kb5 g3 60. Be4 a6+ 61. Kxa6 Nxc4 62. Kb5 Ne3 0-1

[Event "WYCC U18 Open 2019"]
[Site "Mumbai"]
[Date "2019.10.09"]
[Round "8.16"]
[White "Aliyev, Ravan"]
[Black "Gaurav Rajesh Zagade"]
[Result "1-0"]
[ECO "A48"]
[WhiteElo "2341"]
[BlackElo "2053"]
[Annotator "ChessBase"]
[PlyCount "105"]
[EventDate "2019.10.02"]
[EventType "swiss"]
[EventCountry "IND"]
[SourceTitle "playchess.com"]
[Source "ChessBase"]
[SourceQuality "1"]
[TimeControl "40/5400+30:1800+30"]

1. d4 Nf6 2. Nf3 g6 3. Bf4 Bg7 4. e3 c5 5. c3 b6 6. Be2 Bb7 7. h3 O-O 8. O-O d5 9. Nbd2 Nc6 10. Bh2 Nd7 11. Qb3 e5 12. dxe5 Ndxe5 13. Nxe5 Nxe5 14. Nf3 Nc6 15. Rfd1 Qe7 16. Qa3 Rad8 17. Rd2 Rfe8 18. Rad1 Qe6 19. Bg3 d4 20. cxd4 cxd4 21. exd4 Nxd4 22. Nxd4 Rxd4 23. Rxd4 Bxd4 24. Bg4 Qc4 25. Qxa7 Bc6 26. Qc7 Bc5 27. Kh2 Qa4 28. b3 Qa8 29. Bd7 Bxd7 30. Rxd7 Rf8 31. a4 Qe4 32. a5 h5 33. axb6 Qb4 34. b7 h4 35. Bd6 Bxd6+ 36. Qxd6 Qxd6+ 37. Rxd6 Rb8 38. Rd7 Kg7 39. Rc7 Kf6 40. b4 g5 41. Kg1 Ke6 42. Kf1 f5 43. Ke2 Kd6 44. Rg7 Ke5 45. Kd3 Kf4 46. Kc4 g4 47. Kb5 gxh3 48. gxh3 Kf3 49. Kb6 Kxf2 50. Ka7 Re8 51. b8=Q Rxb8 52. Kxb8 f4 53. Rg4 1-0

[Event "WYCC U18 Open 2019"]
[Site "Mumbai"]
[Date "2019.10.10"]
[Round "9.1"]
[White "Zarubitski, Viachaslau"]
[Black "Praggnanandhaa R"]
[Result "0-1"]
[ECO "B40"]
[WhiteElo "2435"]
[BlackElo "2567"]
[Annotator "ChessBase"]
[PlyCount "126"]
[EventDate "2019.10.02"]
[EventType "swiss"]
[EventCountry "IND"]
[SourceTitle "playchess.com"]
[Source "ChessBase"]
[SourceQuality "1"]
[TimeControl "40/5400+30:1800+30"]

1. e4 c5 2. Nf3 e6 3. c3 Nf6 4. e5 Nd5 5. Bc4 d6 6. d4 cxd4 7. cxd4 dxe5 8. dxe5 Be7 9. O-O O-O 10. Qe2 Bd7 11. Rd1 Bc6 12. Bd2 Qc7 13. Bb3 Rd8 14. Nc3 Nxc3 15. Bxc3 Rxd1+ 16. Rxd1 Bxf3 17. Qxf3 Nc6 18. Qe3 Rd8 19. Kf1 g6 20. a3 b5 21. Qe4 Rb8 22. Rc1 Qb6 23. g3 b4 24. axb4 Bxb4 25. Bxb4 Nxb4 26. Kg2 Na6 27. Rc6 Qb7 28. Bc2 Nb4 29. Rc3 Nxc2 30. Qxb7 Ne1+ 31. Kf1 Rxb7 32. b3 Nc2 33. Rxc2 Rxb3 34. Rc7 Ra3 35. h4 h6 36. Kg2 g5 37. h5 Ra4 38. Kf3 Kg7 39. Rb7 Ra5 40. Ke4 Ra3 41. g4 a5 42. Ra7 a4 43. Ra8 Ra1 44. Kf3 a3 45. Kg2 f5 46. exf6+ Kxf6 47. Ra5 Ke7 48. Ra6 Kd7 49. Kf3 Ke7 50. Kg2 Kf7 51. Kh2 Kf6 52. Ra5 Ke7 53. Ra6 Kd7 54. Kg2 a2 55. f3 e5 56. Ra7+ Kc6 57. Ra6+ Kb5 58. Ra8 Kc4 59. Ra7 Kb3 60. Rb7+ Kc3 61. Rc7+ Kd3 62. Ra7 Rc1 63. Ra3+ Rc3 0-1

[Event "WYCC U18 Open 2019"]
[Site "Mumbai"]
[Date "2019.10.10"]
[Round "9.2"]
[White "Sargsyan, Shant"]
[Black "Gholami, Aryan"]
[Result "1-0"]
[ECO "D02"]
[WhiteElo "2580"]
[BlackElo "2554"]
[Annotator "ChessBase"]
[PlyCount "55"]
[EventDate "2019.10.02"]
[EventType "swiss"]
[EventCountry "IND"]
[SourceTitle "playchess.com"]
[Source "ChessBase"]
[SourceQuality "1"]
[TimeControl "40/5400+30:1800+30"]

1. d4 d5 2. Nf3 e6 3. c4 a6 4. cxd5 exd5 5. Nc3 Nf6 6. Bg5 Be6 7. Bxf6 Qxf6 8. Qb3 b5 9. a4 b4 10. Nxd5 Qd8 11. e4 c6 12. Qe3 cxd5 13. exd5 Qxd5 14. Rc1 Be7 15. Bd3 Qd7 16. Be4 Qa7 17. Qf4 Nd7 18. d5 g5 19. Nxg5 Bxg5 20. Qxg5 Qd4 21. O-O Qxe4 22. dxe6 fxe6 23. Rfe1 Qg6 24. Qd5 Ke7 25. Rc6 Rae8 26. Rcxe6+ Kd8 27. Qa8+ Kc7 28. Rc1+ 1-0

[Event "WYCC U18 Open 2019"]
[Site "Mumbai"]
[Date "2019.10.10"]
[Round "9.3"]
[White "Mitrabha, Guha"]
[Black "Blohberger, Felix"]
[Result "1/2-1/2"]
[ECO "D71"]
[WhiteElo "2434"]
[BlackElo "2448"]
[Annotator "ChessBase"]
[PlyCount "40"]
[EventDate "2019.10.02"]
[EventType "swiss"]
[EventCountry "IND"]
[SourceTitle "playchess.com"]
[Source "ChessBase"]
[SourceQuality "1"]
[TimeControl "40/5400+30:1800+30"]

1. d4 Nf6 2. c4 g6 3. g3 Bg7 4. Bg2 O-O 5. Nc3 Nc6 6. Nf3 d5 7. Ne5 dxc4 8. Nxc6 bxc6 9. Bxc6 Rb8 10. Bg2 Bb7 11. e4 e5 12. d5 c6 13. O-O cxd5 14. exd5 Qa5 15. Bd2 Rfd8 16. Re1 Qc7 17. Be3 Qa5 18. Bd2 Qc7 19. Be3 Qa5 20. Bd2 Qc7 1/2-1/2

[Event "WYCC U18 Open 2019"]
[Site "Mumbai"]
[Date "2019.10.10"]
[Round "9.4"]
[White "Pultinevicius, Paulius"]
[Black "Gazik, Viktor"]
[Result "1-0"]
[ECO "A81"]
[WhiteElo "2503"]
[BlackElo "2546"]
[Annotator "ChessBase"]
[PlyCount "83"]
[EventDate "2019.10.02"]
[EventType "swiss"]
[EventCountry "IND"]
[SourceTitle "playchess.com"]
[Source "ChessBase"]
[SourceQuality "1"]
[TimeControl "40/5400+30:1800+30"]

1. d4 f5 2. g3 Nf6 3. Bg2 g6 4. Nh3 Bg7 5. Nf4 O-O 6. h4 Nc6 7. d5 Ne5 8. Nc3 c6 9. e4 fxe4 10. Nxe4 Nxd5 11. Nxd5 cxd5 12. Qxd5+ e6 13. Qd1 d5 14. Nc3 Qf6 15. O-O Bd7 16. Qe2 Bc6 17. Bf4 Nc4 18. Rab1 Rae8 19. Rfe1 Qd8 20. Bg5 Qa5 21. Qg4 Nxb2 22. Ne2 Nc4 23. Nd4 h5 24. Qd1 Qc5 25. Nxe6 Qxf2+ 26. Kh1 Bc3 27. Rf1 Qxg3 28. Rxf8+ Rxf8 29. Qd3 Qxd3 30. cxd3 Nd6 31. Nxf8 Kxf8 32. Bh3 Kg7 33. Bf4 Nb5 34. a4 Na3 35. Rb3 d4+ 36. Bg2 Nc2 37. Bxc6 bxc6 38. Rb7+ Kf6 39. Rxa7 Nb4 40. a5 c5 41. Rc7 Nd5 42. Rc6+ 1-0

[Event "WYCC U18 Open 2019"]
[Site "Mumbai"]
[Date "2019.10.10"]
[Round "9.5"]
[White "Davtyan, Artur"]
[Black "Sydoryka, Vladyslav"]
[Result "1/2-1/2"]
[ECO "A43"]
[WhiteElo "2418"]
[BlackElo "2247"]
[Annotator "NA"]
[PlyCount "105"]
[EventDate "2019.10.02"]
[EventType "swiss"]
[EventCountry "IND"]
[SourceTitle "playchess.com"]
[Source "ChessBase"]
[SourceQuality "1"]
[TimeControl "40/5400+30:1800+30"]

1. d4 Nf6 2. Nf3 c5 3. d5 b5 4. Bg5 Qb6 5. c3 Bb7 6. Bxf6 {[%emt 0:00:15] A43: Schmid Benoni} exf6 7. e4 Be7 $146 ({Predecessor:} 7... c4 8. Be2 Na6 9. a4 Nc5 10. axb5 Nxe4 11. O-O Bc5 12. Bxc4 Bxf2+ 13. Kh1 {0-1 (50) Ly,M (2402)-Nguyen,N (2662) Ho Chi Minh City 2012}) 8. a4 b4 9. Nbd2 Ba6 10. Bc4 Bxc4 11. Nxc4 Qa6 12. Qe2 bxc3 13. bxc3 O-O 14. O-O d6 15. Rfb1 Nd7 16. Rb5 Bd8 17. Nfd2 Bc7 18. Nb3 Rab8 19. Nca5 Ne5 $14 20. c4 Rbe8 21. Nb7 Re7 22. Qc2 Rfe8 23. Nd2 Ng6 24. g3 Rd7 25. a5 Bb6 26. Qa4 Qxb7 27. Rab1 Qa8 28. Rxb6 axb6 29. Qxd7 Ne5 30. Qb5 bxa5 31. Ra1 Qc8 32. Rxa5 Rf8 33. f3 f5 34. Qb3 fxe4 35. Nxe4 Qc7 36. Rb5 h6 37. Kg2 f5 38. Nf2 f4 39. Rb7 Qa5 40. Re7 Ng6 41. Re6 Ne5 42. gxf4 Rxf4 43. Re8+ Kh7 44. Qb1+ g6 45. Qb7+ Rf7 46. Re7 Kg7 47. Rxf7+ Nxf7 48. Qb2+ Kf8 49. Ne4 Qe1 50. Qb8+ Kg7 51. Qb2+ Kf8 52. Qb8+ Kg7 53. Qb2+ 1/2-1/2

[Event "WYCC U18 Open 2019"]
[Site "Mumbai"]
[Date "2019.10.10"]
[Round "9.6"]
[White "Arjun Kalyan"]
[Black "Chylewski, Patryk"]
[Result "1-0"]
[ECO "C50"]
[WhiteElo "2483"]
[BlackElo "2348"]
[Annotator "ChessBase"]
[PlyCount "61"]
[EventDate "2019.10.02"]
[EventType "swiss"]
[EventCountry "IND"]
[SourceTitle "playchess.com"]
[Source "ChessBase"]
[SourceQuality "1"]
[TimeControl "40/5400+30:1800+30"]

1. e4 e5 2. Nf3 Nc6 3. Bc4 Bc5 4. O-O Nf6 5. d3 d6 6. c3 a6 7. a4 Ba7 8. Re1 h6 9. Nbd2 O-O 10. h3 Re8 11. b4 Be6 12. Bxe6 Rxe6 13. Qc2 Re8 14. Nf1 b5 15. Ng3 d5 16. Nf5 Qd7 17. Bxh6 gxh6 18. Qc1 dxe4 19. dxe4 Nh7 20. Qxh6 f6 21. Qg6+ Kf8 22. Qh6+ Kg8 23. Qg6+ Kf8 24. Red1 Qf7 25. Qxf7+ Kxf7 26. Rd7+ Kg8 27. Rxc7 Nd8 28. axb5 Ne6 29. Rb7 Reb8 30. bxa6 Bb6 31. Rd1 1-0

[Event "WYCC U18 Open 2019"]
[Site "Mumbai"]
[Date "2019.10.10"]
[Round "9.7"]
[White "Iniyan, P."]
[Black "Stoleriu, George"]
[Result "1/2-1/2"]
[ECO "E53"]
[WhiteElo "2509"]
[BlackElo "2351"]
[Annotator "ChessBase"]
[PlyCount "66"]
[EventDate "2019.10.02"]
[EventType "swiss"]
[EventCountry "IND"]
[SourceTitle "playchess.com"]
[Source "ChessBase"]
[SourceQuality "1"]
[TimeControl "40/5400+30:1800+30"]

1. d4 e6 2. c4 Nf6 3. Nc3 Bb4 4. e3 O-O 5. Bd3 d5 6. Nf3 c5 7. O-O b6 8. a3 Bxc3 9. bxc3 Ba6 10. cxd5 exd5 11. Bxa6 Nxa6 12. Qd3 Qc8 13. Nd2 Re8 14. f3 Qb7 15. Bb2 Re6 16. Rae1 Rae8 17. e4 c4 18. Qc2 dxe4 19. fxe4 Nxe4 20. Nxc4 Nf6 21. Rxe6 Rxe6 22. Ne5 b5 23. a4 bxa4 24. c4 Rb6 25. Ba1 Qe4 26. Qxa4 Rb1 27. Qa2 Rxf1+ 28. Kxf1 Nb4 29. Qb3 a5 30. Bb2 Qb1+ 31. Ke2 Qe4+ 32. Kf1 Qb1+ 33. Ke2 Qe4+ 1/2-1/2

[Event "WYCC U18 Open 2019"]
[Site "Mumbai"]
[Date "2019.10.10"]
[Round "9.8"]
[White "Aditya Mittal"]
[Black "Raghunandan, Kaumandur Srihari"]
[Result "1-0"]
[ECO "D43"]
[WhiteElo "2430"]
[BlackElo "2449"]
[Annotator "NA"]
[PlyCount "61"]
[EventDate "2019.10.02"]
[EventType "swiss"]
[EventCountry "IND"]
[SourceTitle "playchess.com"]
[Source "ChessBase"]
[SourceQuality "1"]
[TimeControl "40/5400+30:1800+30"]

1. d4 d5 2. c4 c6 3. Nf3 Nf6 4. Nc3 e6 5. Bg5 h6 6. Bh4 dxc4 7. e4 g5 8. Bg3 b5 9. Be2 Bb7 10. Qc2 Nh5 11. Be5 f6 12. Nd2 Ng7 13. Bg3 Nd7 14. h4 gxh4 15. Rxh4 Be7 16. d5 f5 17. dxe6 Nc5 18. Rh3 Ngxe6 19. Be5 Bf6 20. exf5 Nd4 21. Bxd4 Qxd4 22. Re3+ Kf8 23. Nde4 Nxe4 24. Rxe4 Qb6 25. Re6 Bd4 26. O-O-O Rd8 27. f6 Qc7 28. Rxd4 Rxd4 29. Bh5 Rd8 30. Qg6 Qd7 31. Rd6 1-0

[Event "WYCC U18 Open 2019"]
[Site "Mumbai"]
[Date "2019.10.10"]
[Round "9.9"]
[White "Petriashvili, Nikoloz"]
[Black "Buckels, Valentin"]
[Result "0-1"]
[ECO "D31"]
[WhiteElo "2441"]
[BlackElo "2442"]
[Annotator "ChessBase"]
[PlyCount "56"]
[EventDate "2019.10.02"]
[EventType "swiss"]
[EventCountry "IND"]
[SourceTitle "playchess.com"]
[Source "ChessBase"]
[SourceQuality "1"]
[TimeControl "40/5400+30:1800+30"]

1. c4 e6 2. Nc3 d5 3. d4 a6 4. cxd5 exd5 5. Nf3 c6 6. e4 dxe4 7. Nxe4 Nf6 8. Bg5 Bb4+ 9. Nc3 h6 10. Bh4 Qa5 11. Bd3 Bxc3+ 12. bxc3 Qxc3+ 13. Kf1 Nd5 14. Rc1 Qa3 15. Ne5 Nf4 16. Bc4 O-O 17. Qd2 Nd5 18. Bxd5 cxd5 19. Rc7 Qd6 20. Qc3 Nd7 21. Nd3 Nf6 22. Qc5 Qxc5 23. Nxc5 b6 24. Na4 g5 25. Bg3 Bd7 26. Nxb6 Bb5+ 27. Kg1 Rab8 28. a4 Bxa4 0-1

[Event "WYCC U18 Open 2019"]
[Site "Mumbai"]
[Date "2019.10.10"]
[Round "9.10"]
[White "Garidmagnai, Byambasuren"]
[Black "Zhalmakhanov, Ramazan"]
[Result "0-1"]
[ECO "E32"]
[WhiteElo "2327"]
[BlackElo "2374"]
[Annotator "NA"]
[PlyCount "110"]
[EventDate "2019.10.02"]
[EventType "swiss"]
[EventCountry "IND"]
[SourceTitle "playchess.com"]
[Source "ChessBase"]
[SourceQuality "1"]
[TimeControl "40/5400+30:1800+30"]

1. d4 Nf6 2. c4 e6 3. Nc3 Bb4 4. Qc2 O-O 5. a3 Bxc3+ 6. Qxc3 Ne4 7. Qc2 f5 8. Nf3 b6 9. g3 Bb7 10. Bg2 Qf6 11. O-O d6 12. b4 Nd7 13. Bb2 Qe7 14. Ne1 c5 15. dxc5 dxc5 16. b5 e5 17. Nd3 a5 18. Rad1 Rad8 19. Qc1 Nd6 20. Bc6 Qe6 21. Bxd7 Rxd7 22. Nxe5 Re7 23. Qf4 Nf7 24. Nc6 Rd7 25. Ne5 Nxe5 26. Qxe5 Qf7 27. Rxd7 Qxd7 28. Re1 Re8 29. Qc3 Re7 30. f3 Qd6 31. Bc1 h6 32. Kf2 Kh7 33. h4 Qe6 34. Qc2 Rd7 35. g4 Rf7 36. Bb2 Qd6 37. Rh1 Qg6 38. Rg1 Qd6 39. Rg2 Be4 40. fxe4 Qf4+ 41. Kg1 Qe3+ 42. Kh2 Qf4+ 43. Kh3 fxg4+ 44. Rxg4 Qf1+ 45. Rg2 Qh1+ 46. Kg3 Qe1+ 47. Kg4 Qf1 48. e5+ g6 49. Qe4 Rf4+ 50. Qxf4 Qxg2+ 51. Qg3 Qxe2+ 52. Qf3 h5+ 53. Kf4 Qxb2 54. Qd3 Qf2+ 55. Ke4 Qxh4+ 0-1